 Dungeon Crawl Stone Soup version 0.24-a0-375-g4de66ed42b (webtiles) character file.

Game seed: 2018860059325488891

11 Gargoyl the Skirmisher (level 2, -2/26 HPs)
             Began as a Centaur Abyssal Knight on May 31, 2019.
             Was a Follower of Lugonu.
             Slain by a leopard gecko (3 damage)
             ... on level 1 of the Dungeon.
             The game lasted 00:00:42 (365 turns).

Gargoyl the Skirmisher (Centaur Abyssal Knight)      Turns: 365, Time: 00:00:43

Health: -2/26      AC:  5    Str: 14    XL:     2   Next: 13%
Magic:  3/3        EV:  9    Int: 16    God:    Lugonu [*.....]
Gold:   19         SH:  0    Dex:  8    Spells: 1/1 levels left

rFire    . . .     SeeInvis .   a - +1 hand axe
rCold    . . .     Gourm    .   (no shield)
rNeg     . . .     Faith    .   b - +0 leather armour
rPois    .         Spirit   .   d - +1 hat
rElec    .         Reflect  .   (no cloak)
rCorr    .         Harm     .   (no gloves)
MR       .....                  (no barding)
Stlth    ..........             (no amulet)
HPRegen  0.08/turn              (no ring)
MPRegen  0.08/turn              (no ring)

@: brilliant, very quick
A: large, hooves 3, deformed body, speed 2, tough skin 3
a: Depart the Abyss, Renounce Religion


You were on level 1 of the Dungeon.
You worshipped Lugonu.
Lugonu was aware of your devotion.
You were not hungry.

You visited 1 branch of the dungeon, and saw 1 of its levels.
You visited the Abyss 1 time.

You collected 19 gold pieces.

Inventory:

Hand Weapons
 a - a +1 hand axe (weapon)
Armour
 b - a +0 leather armour (worn)
 d - a +1 hat (worn)
Comestibles
 c - 2 rations


   Skills:
 + Level 3.2 Fighting
 + Level 1.9 Axes
 * Level 1.5 Armour
 * Level 0.7 Dodging
 * Level 2.1 Invocations


You had one spell level left.
You didn't know any spells.
Your spell library was empty.

Dungeon Overview and Level Annotations

Branches:
Dungeon (1/15)

Altars:


Innate Abilities, Weirdness & Mutations

You have hooves in place of feet.
Armour fits poorly on your strangely shaped body.
You cover ground very quickly.
You have extremely tough skin. (AC +3)


Message History

The jackal bites you.
* * * LOW HITPOINT WARNING * * *
The kobold throws a stone.
The stone hits you.
* * * LOW HITPOINT WARNING * * *
The giant cockroach barely misses you.
You closely miss the jackal. Your kick misses the jackal.
The jackal is heavily wounded.
Your leather armour prevents you from hitting the giant cockroach.
The jackal bites you.
* * * LOW HITPOINT WARNING * * *
The giant cockroach closely misses you. The jackal closely misses you.
A kobold comes into view.
Unknown command.
You barely miss the jackal.
The jackal is heavily wounded.
You hit the giant cockroach but do no damage.
You closely miss the leopard gecko. You hit the kobold but do no damage.
The jackal bites you but does no damage.
The leopard gecko bites you.
You die...

.............###+##. ##
.................#.. ##.
.............$...#.###..
.................#.##...
.............#####.#....
s....K.††$.......#....).
......rw...#.###.....<..
.....##h#....# #.#...÷..
.... #@##.### #.#.#....
......slK........#.##...
......l.......####.###..
.......K....... #.. ##.
............... ##. ##
............... .. #
............... #.
............... ..


You could see a dart slug, a leopard gecko, a jackal, a giant cockroach, 3
kobolds, a frilled lizard and a rat.

Vanquished Creatures
  2 hobgoblins (D:1)
  3 jackals (D:1)
  2 kobolds (D:1)
  A frilled lizard (D:1)
  A goblin (D:1)
9 creatures vanquished.

Notes
Turn   | Place    | Note
-------+----------+-------------------------------------------
     0 | Abyss:1  | Gargoyl the Centaur Abyssal Knight began the quest for the
                  | Orb.
     0 | Abyss:1  | Reached XP level 1. HP: 19/19 MP: 2/2
    19 | Abyss:1  | Found a deep blue altar of Sif Muna.
    32 | Abyss:1  | Found a deep blue altar of Sif Muna.
    56 | Abyss:2  | Noticed a starcursed mass
    83 | Abyss:2  | Noticed a ynoxinul
    84 | D:1      | Escaped the Abyss
    93 | D:1      | Reached * piety under Lugonu
   354 | D:1      | Reached XP level 2. HP: 21/26 MP: 3/3
   364 | D:1      | HP: 1/26 [jackal (2)]
   365 | D:1      | Slain by a leopard gecko

Levels and vault maps discovered:
D:1:      dpeg_arrival_central, layout_basic

Action                   || total
-------------------------++-------
Melee: Hand axe          ||    23
       Kick              ||     4
Invok: Depart the Abyss  ||     1
  Use: Potion            ||     1
Armor: Leather armour    ||    20
Dodge: Dodged            ||    25

Table legend:
 A = Non-vault XP
 B = Vault XP
 C = Vault XP percentage of total XP
 D = Non-vault monster count
 E = Vault monster count
 F = Vault count percentage of total count
                 A         B        C        D         E       F
            +---------+---------+-------+---------+---------+-------
      Total |      16 |       0 |   0.0 |       9 |       0 |   0.0
            +---------+---------+-------+---------+---------+-------
        D:1 |      16 |       0 |   0.0 |       9 |       0 |   0.0
            +---------+---------+-------+---------+---------+-------
